 Dungeon Crawl Stone Soup version 0.30.1-9-gdf580d7c3d (webtiles) character file.

Game seed: 13362793335254020653

22773 Ijustatesigmund the Geomancer (level 13, -5/111 HPs)
             Began as a Gargoyle Earth Elementalist on Oct 23, 2023.
             Was a High Priest of Cheibriados.
             Killed from afar by an acid dragon (15 damage)
             ... with a splash of acid
             ... on level 12 of the Dungeon on Oct 24, 2023.
             The game lasted 00:39:41 (17250 turns).

Ijustatesigmund the Geomancer (GrEE)               Turns: 17250, Time: 00:39:41

Health: -5/111     AC: 19    Str: 23    XL:     13   Next: 2%
Magic:  2/34       EV: 12    Int: 34    God:    Cheibriados [*****.]
Gold:   164        SH:  0    Dex: 25    Spells: 20/29 levels left

rFire   + . .        e - +4 morningstar
rCold   + . .        (no shield)
rNeg    + . .        q - +3 troll leather armour {Snorg}
rPois   ∞            (no helmet)
rElec   +            E - scarf {rC+ rF+}
rCorr   .            s - +1 pair of gloves "Letzop Ukla" {+Blink rPois Will+ Dex+3}
SInv    .            (no boots)
Will    +....        i - amulet of regeneration Stlth
                     b - ring of wizardry
HPRegen 1.98/turn    B - ring of magical power
MPRegen 0.24/turn

%: wizardry (x1)
@: berserking, very slow
A: sickness immunity, AC +9, negative energy resistance 1, electricity
resistance, torment resistance 1, petrification resistance
a: Renounce Religion, Evoke Blink, Bend Time, Temporal Distortion, Slouch, Step
From Time


You were on level 12 of the Dungeon.
You worshipped Cheibriados.
Cheibriados was extremely pleased with you.
You visited 2 branches of the dungeon, and saw 13 of its levels.
You also visited: Sewer and Bailey.

You collected 704 gold pieces.
You spent 540 gold pieces at shops.

Inventory:

Hand Weapons
 e - a +4 morningstar (weapon)
 l - a +0 mace of protection
Missiles
 c - a throwing net
Armour
 a - +0 steam dragon scales
 d - a +0 cloak
 q - a +3 troll leather armour (worn) {Snorg}
 s - the +1 pair of gloves "Letzop Ukla" (worn) {+Blink rPois Will+ Dex+3}
   (You found it on level 9 of the Dungeon)

   Dex:       It affects your dexterity (+3).
   rPois:     It protects you from poison.
   +Blink:    It lets you blink.
   Will:      It increases your willpower.
 A - a +0 kite shield
 E - a scarf of resistance (worn)
Magical Staves
 h - a staff of conjuration
Jewellery
 b - a ring of wizardry (left hand)
 i - an amulet of regeneration (around neck)
 n - a +6 ring of dexterity
 t - the ring of Xom's Whimsicality {rElec rPois rN++ rCorr Int-3}
   (You found it on level 6 of the Dungeon)

   [ring of resist corrosion]

   Int:       It affects your intelligence (-3).
   rElec:     It insulates you from electricity.
   rPois:     It protects you from poison.
   rN:        It greatly protects you from negative energy.
   rCorr:     It protects you from acid and corrosion.
 x - an amulet of the acrobat
 B - a ring of magical power (right hand)
Wands
 m - a wand of iceblast (10)
 p - a wand of acid (1)
 v - a wand of flame (15)
 D - a wand of paralysis (6)
Scrolls
 w - 2 scrolls of magic mapping
 y - a scroll of teleportation
Potions
 f - 8 potions of curing
 g - a potion of mutation {unknown}
 j - 3 potions of haste
 k - 2 potions of attraction
 o - 2 potions of might {unknown}
 u - 3 potions of brilliance


   Skills:
 - Level 6.2 Fighting
 + Level 5.9 Maces & Flails
 - Level 4.1 Armour
 - Level 1.5 Dodging
 - Level 2.1 Stealth
 + Level 8.9 Spellcasting
 + Level 11.0 Conjurations
 - Level 3.6 Translocations
 - Level 0.7 Transmutations
 + Level 11.8 Earth Magic
 + Level 8.8 Invocations
 - Level 3.5 Evocations


You had 20 spell levels left.
You knew the following spells:

 Your Spells              Type           Power      Damage    Failure   Level
a - Iskenderun's Battles  Conj           74%        2d12      1%          5
b - Stone Arrow           Conj/Erth      100%       3d13      1%          3
c - Apportation           Tloc           78%        N/A       1%          1

Your spell library contained the following spells:

 Spells                   Type           Power      Damage    Failure   Level
 Necrotise                Necr           60%        1d7       1%          1
 Sandblast                Erth           100%       2d20      1%          1
 Summon Small Mammal      Summ           60%        N/A       1%          1
 Passwall                 Tmut/Erth      45%        N/A       1%          2
 Petrify                  Tmut/Erth      55%        N/A       1%          4
 Call Canine Familiar     Summ           15%        N/A       4%          3
 Summon Guardian Golem    Hex/Summ       15%        N/A       4%          3
 Fireball                 Conj/Fire      25%        3d11      4%          5
 Orb of Destruction       Conj           37%        9d11      12%         7
 Animate Dead             Necr           15%        N/A       14%         4
 Conjure Ball Lightning   Conj/Air       25%        3x3d7     21%         6
 Haunt                    Necr/Summ      7%         N/A       100%        7
 Borgnjor's Revivificati  Necr           7%         N/A       100%        8
 Infestation              Necr           7%         N/A       100%        8
 Necromutation            Tmut/Necr      8%         N/A       100%        8
 Death's Door             Necr           7%         N/A       100%        9


Dungeon Overview and Level Annotations

Branches:
Dungeon (12/15)            Temple (1/1) D:5            Lair (0/5) D:11
    Orc (0/2) D:12          Sewer (visited)          Bailey (visited)

Altars:
Ashenzari
Cheibriados
Dithmenos
Elyvilon
Fedhas
Gozag
Hepliaklqana
Kikubaaqudgha
Makhleb
Nemelex Xobeh
Okawaru
Qazlal
Ru
Sif Muna
Trog
Uskayaw
Vehumet
Wu Jian
Xom
Yredelemnul
Zin
The Shining One

Shops:
D:3 (   D:7 ::


Innate Abilities, Weirdness & Mutations

You are immune to sickness and miasma.
Your stone body is resilient. (AC +9)
You are immune to poison.
You resist negative energy. (rN+)
You are resistant to electric shocks. (rElec)
You are resistant to unholy torment.
You are immune to petrification.


Message History

Your Conjurations skill increases to level 11!
You bludgeon the troll!!
The troll is severely wounded.
The vampire mosquito bites you but does no damage.
The acid dragon bites you!
The acid dragon claws you but does no damage.
The troll bites you! The troll claws you. x2
The vampire mosquito bites you but does no damage.
The troll completely misses you. The troll closely misses you.
The troll claws you!
* * * LOW HITPOINT WARNING * * *
The acid dragon bites you!
* * * LOW HITPOINT WARNING * * *
The acid dragon claws you.
* * * LOW HITPOINT WARNING * * *
You thump the troll!
You kill the troll!
Cheibriados appreciates the change of pace.
The vampire mosquito bites you.
* * * LOW HITPOINT WARNING * * *
The vampire mosquito bites you but does no damage.
The white ugly thing punches your battlesphere.
The white ugly thing freezes your battlesphere!
Your battlesphere resists.
The basilisk gazes at you. You resist with almost no effort.
The acid dragon barely misses you. x2
You hit the acid dragon.
The acid dragon is moderately wounded.
The vampire mosquito bites you.
* * * LOW HITPOINT WARNING * * *
The vampire mosquito bites you but does no damage.
The acid dragon closely misses you.
The acid dragon claws you but does no damage.
The deep elf pyromancer hits you but does no damage.
The vampire mosquito closely misses you.
The vampire mosquito bites you.
* * * LOW HITPOINT WARNING * * *
The acid dragon spits acid at you. The splash of acid hits you!
You die...

#....# . #..#.
..#..##.##..#..
#.#...#...#..# .#
..#.....#.#.. #..#.
#.........#
..#..##*..}[..#
.##(##..#...:.## ..#..
#...uyel#.#
.#..##...@.DH.†# #. #.
#..#.....#.#...
...##.##.##.#..#....#..##
....##..#..#..##..#..#..#
.....#.......###..##.....
.....#.###......#.# #.#.#
.....).........###. .#
.....#.####.###.# . .
.....#.......# ..#


You could see a white ugly thing (ally target), a manticore, a deep elf
pyromancer, a basilisk, an acid dragon (catching breath), a vampire mosquito and
a friendly battlesphere.

Vanquished Creatures
  An orc warlord (D:8)
  Snorg (D:11)
  2 hydras (D:12)
  2 centaur warriors (D:12)
  A death knight (D:12)
  3 two-headed ogres
  3 boulder beetles
  Nergalle (D:10)
  2 orc knights (Bailey)
  An ugly thing (D:12)
  3 manticores (D:12)
  3 cyclopes (D:12)
  A gargoyle (D:11)
  Psyche (D:11)
  A yaktaur (D:12)
  3 kobold demonologists (D:12)
  An efreet (D:12)
  A komodo dragon (D:11)
  6 trolls
  A shadow (D:11)
  A wyvern (D:9)
  4 wraiths
  A hog (shapeshifter) (D:12)
  8 yaks
  2 steam dragons
  4 vampire mosquitoes (D:12)
  2 water moccasins
  An acid dragon (D:11)
  An ice beast (D:6)
  4 orc warriors
  A black bear (D:5)
  4 ogres
  5 centaurs
  3 phantoms
  7 kobold brigands
  Blork the orc (D:4)
  2 gnoll sergeants
  7 bullfrogs
  3 scorpions
  3 wights (D:7)
  4 killer bees (D:9)
  3 howler monkeys
  2 hounds (D:5)
  A jelly (D:6)
  7 orc priests
  A sleepcap (D:6)
  Jessica (D:2)
  8 orc wizards
  11 gnolls
  14 adders
  A river rat (D:4)
  A shadow imp (D:7)
  3 white imps
  8 worms
  2 dart slugs
  23 orcs
  11 ball pythons
  8 endoplasms
  4 giant cockroaches
  7 goblins
  6 hobgoblins
  5 jackals
  3 quokkas
  8 bats
  42 kobolds
  6 rats
292 creatures vanquished.

Vanquished Creatures (others)
  A water moccasin (D:8)
1 creature vanquished.

Grand Total: 293 creatures vanquished

Notes
Turn   | Place    | Note
-------+----------+-------------------------------------------
     0 | D:1      | Ijustatesigmund the Gargoyle Earth Elementalist began the
                  | quest for the Orb.
     0 | D:1      | Reached XP level 1. HP: 10/10 MP: 3/3
   124 | D:1      | Found a faded altar of an unknown god.
   218 | D:1      | Reached XP level 2. HP: 16/16 MP: 1/5
   406 | D:1      | Reached skill level 1 in Fighting
   884 | D:2      | Reached XP level 3. HP: 20/20 MP: 3/6
   924 | D:2      | Found a shimmering altar of Xom.
  1031 | D:2      | Noticed Jessica
  1036 | D:2      | Killed Jessica
  1312 | D:2      | Reached XP level 4. HP: 26/26 MP: 5/8
  1317 | D:2      | Learned a level 3 spell: Stone Arrow
  1962 | D:3      | Reached skill level 1 in Conjurations
  2019 | D:3      | Identified the +0 hand axe of Honour {drain, rElec rPois
                  | rC+ Dex+3}
  2199 | D:3      | Found Xoogutam's Antique Weapon Emporium.
  2484 | D:3      | Reached XP level 5. HP: 28/30 MP: 3/9
  2667 | D:4      | Found a blossoming altar of Fedhas.
  2771 | D:4      | Noticed an ogre
  2774 | D:4      | Killed an ogre
  2775 | D:4      | Reached skill level 5 in Earth Magic
  2899 | D:4      | Found a glowing drain.
  2901 | D:4      | Found an iron altar of Okawaru.
  2913 | Sewer    | Entered a sewer
  3099 | Sewer    | Reached XP level 6. HP: 33/35 MP: 8/11
  4045 | Sewer    | Reached XP level 7. HP: 40/40 MP: 3/12
  4682 | D:4      | Noticed Blork the orc
  4687 | D:4      | Killed Blork the orc
  4872 | D:4      | Reached skill level 5 in Conjurations
  5154 | D:5      | Entered Level 5 of the Dungeon
  5595 | D:5      | Reached XP level 8. HP: 44/44 MP: 10/14
  6063 | D:5      | Reached skill level 1 in Maces & Flails
  6227 | D:5      | Found a staircase to the Ecumenical Temple.
  6412 | Temple   | Entered the Ecumenical Temple
  6417 | Temple   | Became a worshipper of Cheibriados the Contemplative
  6471 | D:6      | Reached skill level 5 in Spellcasting
  6731 | D:6      | Reached skill level 1 in Invocations
  7058 | D:6      | Reached XP level 9. HP: 41/48 MP: 4/17
  7210 | D:6      | Reached * piety under Cheibriados
  7416 | D:6      | Identified the ring of Xom's Whimsicality {rElec rPois rN++
                  | rCorr Int-3}
  8040 | D:7      | Found Pola's Book Boutique.
  8049 | D:7      | Found a broken altar of Ashenzari.
  8548 | D:8      | Found a flagged portal.
  8571 | Bailey   | Entered a bailey
  8601 | Bailey   | Reached ** piety under Cheibriados
  8642 | Bailey   | Noticed an orc warlord
  8779 | Bailey   | Learned a level 1 spell: Apportation
  8821 | Bailey   | Found a runed translucent gate.
  8824 | Bailey   | Found a runed translucent gate.
  8826 | Bailey   | Found a runed translucent gate.
  8839 | Bailey   | Noticed an orc knight
  8854 | Bailey   | Killed an orc knight
  8861 | Bailey   | Noticed an orc knight
  8962 | Bailey   | Killed an orc knight
  8963 | Bailey   | Reached XP level 10. HP: 41/55 MP: 15/19
  9349 | D:8      | You fall into a shaft and drop 2 floors!
  9349 | D:10     | Entered Level 10 of the Dungeon
  9576 | D:9      | Identified the +1 pair of gloves "Letzop Ukla" {+Blink
                  | rPois Will+ Dex+3}
 10129 | D:9      | Reached *** piety under Cheibriados
 10338 | D:9      | Found a glowing golden altar of the Shining One.
 10486 | D:10     | Noticed Nergalle
 10488 | D:10     | Noticed a spectral orc warlord
 10502 | D:10     | Killed Nergalle
 10503 | D:10     | Reached skill level 5 in Invocations
 10904 | D:10     | Found a sparkling altar of Nemelex Xobeh.
 11776 | D:7      | Found a shimmering blue altar of Sif Muna.
 11804 | D:7      | Found Beustrona's Book Shop.
 12214 | D:8      | Reached **** piety under Cheibriados
 12372 | D:8      | Reached skill level 5 in Fighting
 12372 | D:8      | Reached XP level 11. HP: 55/63 MP: 11/21
 12482 | D:8      | Killed an orc warlord
 12483 | D:8      | Reached skill level 10 in Earth Magic
 12712 | D:8      | Found a shadowy altar of Dithmenos.
 12888 | D:8      | Identified the +6 short sword of the Thirsty Prophets
                  | {flame, rF++ rC+}
 13575 | D:11     | Noticed a boulder beetle
 13589 | D:11     | Killed a boulder beetle
 13747 | D:11     | Noticed Psyche
 13759 | D:11     | Killed Psyche
 13817 | D:11     | Noticed Snorg
 13910 | D:11     | Noticed a two-headed ogre
 13917 | D:11     | Killed a two-headed ogre
 14045 | D:11     | Killed Snorg
 14188 | D:11     | Reached skill level 1 in Evocations
 14450 | D:11     | Found a staircase to the Lair.
 14468 | D:11     | Reached skill level 1 in Armour
 14748 | D:11     | Reached skill level 10 in Conjurations
 15326 | D:12     | Reached ***** piety under Cheibriados
 15329 | D:12     | Reached XP level 12. HP: 70/70 MP: 11/24
 15584 | D:7      | Bought a book of the Spheres for 540 gold pieces
 15590 | D:7      | Learned a level 5 spell: Iskenderun's Battlesphere
 15681 | D:12     | Noticed a boulder beetle
 15681 | D:12     | Noticed a boulder beetle
 15690 | D:11     | Killed a boulder beetle
 15862 | D:12     | Killed a boulder beetle
 16088 | D:12     | Noticed a six-headed hydra
 16093 | D:12     | Killed a six-headed hydra
 16099 | D:12     | Found a staircase to the Orcish Mines.
 16106 | D:12     | Noticed a centaur warrior
 16117 | D:12     | Killed a centaur warrior
 16228 | D:12     | Noticed a centaur warrior
 16255 | D:12     | Killed a centaur warrior
 16258 | D:12     | Reached skill level 5 in Maces & Flails
 16396 | D:12     | Noticed an eight-headed hydra
 16406 | D:12     | Killed an eight-headed hydra
 16506 | D:12     | Noticed a two-headed ogre
 16509 | D:12     | Killed a two-headed ogre
 16627 | D:12     | Noticed a death knight
 16797 | D:12     | Noticed a two-headed ogre
 16803 | D:12     | Killed a two-headed ogre
 17015 | D:12     | Killed a death knight
 17246 | D:12     | Reached XP level 13. HP: 64/74 MP: 1/25
 17250 | D:12     | Killed from afar by an acid dragon

Illustrated notes

Levels and vault maps discovered:
D:1:      pf_arrival_petrified_forest, layout_basic,
          ebering_ecumenical_altar_mist, minmay_pentomino_o4
D:2:      layout_basic, basic_altar, uniq_jessica
D:3:      layout_loops_ring, serial_shops, nicolae_lakefront_shop,
          minmay_misc_feat_x, grunt_ministairs_15,
          chequers_serial_rivers_small_3, st_stairs_5
D:4:      layout_gridville, fedhas_altar_fruit_tree, overflow_temple_1_default,
          cheibrodos_sewer_entry_sluice, uniq_blork_the_orc
D:5:      layout_loops_cross, temple_statues
D:6:      layout_cave_pods
D:7:      layout_cave_pools, mainiacjoe_overflow_catch_the_wave, serial_shops,
          nicolae_shop_tiny_waterfront, nicolae_stop_n_shop_2,
          lemuel_flamethrower_2
D:8:      layout_gridville, grunt_dithmenos_shadows, enter_bailey_4
D:9:      layout_long_grid, nicolae_tso_swordbearing_angel
D:10:     layout_basic, kennysheep_mini, minmay_misc_feat_five,
          kennysheep_minor_cross, uniq_nergalle
D:11:     layout_basic, david_lair_shrubbed, uniq_snorg, uniq_psyche
D:12:     minmay_the_grid_octo_tiled_squarecenter_mashed
          [minmay_the_grid_octo_chip, minmay_the_grid_octo_checkerflower,
          minmay_the_grid_octo_pinwheel, minmay_the_grid_octo_focus,
          minmay_the_grid_square_5x5_megaprize_open,
          minmay_the_grid_square_5x5_six,
          minmay_the_grid_square_5x5_tetrominoes,
          minmay_the_grid_square_5x5_inner_z, minmay_the_grid_square_5x5_z],
          layout_irregular_city, orc_0_dummy, nicolae_trove_entry_crystal
Temple:   minmay_freezing_vapour_temple

Skill      XL: |  1  2  3  4  5  6  7  8  9 10 11 12 13 |
---------------+----------------------------------------+-----
Fighting       | 1 2 5 6 |  6.2
Earth Magic    | 4 5 6 7 8 9 10 11 | 11.8
Conjurations   | 1 3 4 5 7 9 10 11 | 11.0
Spellcasting   | 3 4 5 6 7 8 |  8.9
Maces & Flails | 2 3 4 5 |  5.9
Invocations    | 2 4 6 7 8 |  8.8
Translocations | 3 |  3.6
Evocations     | 1 3 |  3.5
Armour         | 2 4 |  4.1
Dodging        | |  1.5
Stealth        | |  2.1
Transmutations | |  0.7

Action                     |  1- 3 |  4- 6 |  7- 9 | 10-12 | 13-15 || total
---------------------------+-------+-------+-------+-------+-------++-------
  Melee: Mace              |     7 |    30 |     8 |       |       ||    45
         Punch             |     1 |     1 |       |     3 |       ||     5
         Morningstar       |       |       |    53 |   143 |     4 ||   200
   Cast: Sandblast         |    29 |    71 |    14 |       |       ||   114
         Stone Arrow       |       |    22 |   117 |   205 |       ||   344
         Apportation       |       |       |       |     1 |       ||     1
         Iskenderun's Batt |       |       |       |    16 |       ||    16
 Invoke: Bend Time         |       |       |       |     1 |       ||     1
         Slouch            |       |       |       |     1 |       ||     1
  Evoke: Wand              |       |       |     7 |     8 |       ||    15
    Use: Scroll            |       |    10 |     5 |    12 |       ||    27
         Potion            |       |       |     3 |    16 |       ||    19
   Stab: Sleeping          |       |       |       |     1 |       ||     1
 Armour: Robe              |     4 |    31 |    37 |       |       ||    72
         Steam dragon scal |       |       |    18 |   100 |       ||   118
         Troll leather arm |       |       |       |    82 |     9 ||    91
         Skin              |       |       |       |     1 |       ||     1
  Dodge: Dodged            |    13 |    36 |    73 |   189 |     8 ||   319
